 Dungeon Crawl Stone Soup version 0.19-a0-1259-g4fc3c0a (webtiles) character file.

3192 Andriotis the Cleaver (level 9, -3/175 HPs)
             Began as a Minotaur Fighter on Aug 28, 2016.
             Was a Priest of Okawaru.
             Slain by a killer bee (6 damage)
             ... on level 8 of the Dungeon.
             The game lasted 00:23:52 (6798 turns).

Andriotis the Cleaver (Minotaur Fighter)            Turns: 6798, Time: 00:23:53

Health: -3/175     AC: 24    Str: 29    XL:     9   Next: 64%
Magic:  13/13      EV:  2    Int:  5    God:    Okawaru [***...]
Gold:   172        SH: 11    Dex: 10    Spells: 0 memorised, 14 levels left

rFire  . . .     SeeInvis .     z - +2 broad axe (chop)
rCold  + + .     Gourm    .     (armour currently unavailable)
rNeg   + + +     Faith    .     c - +0 shield
rPois  +         Spirit   .     (helmet currently unavailable)
rElec  .         Dismiss  .     (cloak currently unavailable)
rCorr  .         Reflect  .     (gloves currently unavailable)
MR     .....     Harm     .     (boots currently unavailable)
Stlth  .......... NoTele   +    (no amulet)
                                y - ring of protection from cold
                                C - ring of protection from cold

@: berserking (expiring), lethally poisoned (-3 -> -10), tree-form, very quick
A: (retaliatory headbutt), (horns 0)
a: Heroism, Renounce Religion


You were on level 8 of the Dungeon.
You worshipped Okawaru.
Okawaru was most pleased with you.
You were not hungry.
You were a tree.
You visited 2 branches of the dungeon, and saw 9 of its levels.
You also visited: Ossuary.

You collected 388 gold pieces.
You spent 216 gold pieces at shops.

Inventory:

Hand Weapons
 a - a +0 war axe
 r - a +2 mace of crushing
 z - a +2 broad axe of chopping (weapon)
Armour
 c - a +0 shield (worn)
 m - a +0 pair of gloves (melded)
 q - a +2 cloak of magic resistance (melded)
 u - a +0 chain mail (melded)
Jewellery
 p - an uncursed ring of magical power
 v - the ring "Xegiulat" {+Fly rC+ Str-4 Dex+4 Stlth+}
   (You found it on level 4 of the Dungeon)

   [ring of protection from cold]

   It affects your strength (-4).
   It affects your dexterity (+4).
   It protects you from cold.
   It lets you fly.
   It makes you more stealthy.
 y - a ring of protection from cold (right branch)
 C - a ring of protection from cold (left branch)
Wands
 s - a wand of lightning (15/15)
 t - a wand of random effects (28/48)
 D - a wand of disintegration (11/24)
 F - a wand of acid (5/15)
 H - a wand of polymorph (12/24)
 J - a wand of random effects (34/48)
Scrolls
 e - a scroll of remove curse
 i - 2 scrolls of teleportation
 o - 2 scrolls of magic mapping
 I - 2 scrolls of fog
 L - a scroll of identify
Potions
 d - a potion of might
 g - a potion of mutation
 l - 3 potions of invisibility
 w - 3 potions of curing
 x - 2 potions of agility
 B - a potion of cure mutation
 E - a potion of ambrosia
Comestibles
 b - a slice of pizza
 f - 3 bread rations
 h - 2 meat rations
 A - 9 fruits
 G - 2 beef jerkies
 K - 12 chunks of flesh


   Skills:
 + Level 6.9 Fighting
 * Level 9.1 Axes
 + Level 7.4 Armour
 + Level 5.2 Dodging
 + Level 7.1 Shields
 + Level 3.4 Spellcasting


You had 14 spell levels left.
You didn't know any spells.

Dungeon Overview and Level Annotations

Branches:
Dungeon (7/15)             Temple (1/1) D:4

Altars:
Ashenzari
Cheibriados
Dithmenos
Elyvilon
Fedhas
Gozag
Hepliaklqana
Kikubaaqudgha
Makhleb
Okawaru
Qazlal
Ru
Sif Muna
Trog
Uskayaw
Vehumet
Xom
Yredelemnul
Zin
The Shining One

Shops:
D:4 (

Annotations:
D:8 Erica


Innate Abilities, Weirdness & Mutations

((You reflexively headbutt those who attack you in melee.))
((You have a pair of horns on your head.))


Message History

You slice the killer bee!!
You kill the killer bee!
Okawaru accepts your kill.
You miss the killer bee.
The killer bee stings you but does no damage.
The orc wizard points at you and mumbles some strange words.
The magic dart hits something.
The killer bee stings you.
* * * LOW HITPOINT WARNING * * *
You are lethally poisoned!
The killer bee poisons you!
The killer bee stings you but does no damage.
You are too berserk!
Unknown command.
You barely miss something.
Your shield prevents you from hitting the killer bee.
You miss the killer bee. You barely miss the killer bee.
* * * LOW HITPOINT WARNING * * *
You feel sick. You block the killer bee's attack. x2
The killer bee stings you.
You die...

#.# # #. #. #.#
#.#. #. #.#
#.#.# .###.#
##.... ..##.#
.#..... #%##.#
#.....y####.##.#
.....yyy..#^##.#
.....o{♣.......#
#.....y)..#.####
...#..Z####.#
##..... #.#
##.... #.#
.....# #.#
###.#. ..# #.##
###


You could see 5 killer bees, an orc wizard and an adder zombie.

Vanquished Creatures
  A queen bee (D:8)
  Prince Ribbit (D:7)
  Sigmund (D:3)
  A yak (D:8)
  Duvessa (D:6)
  2 phantoms
  2 centaurs
  3 giant frogs
  A gnoll sergeant (D:8)
  Dowan (D:6)
  3 water moccasin zombies (Ossuary)
  2 scorpions
  8 killer bees (D:8)
  A howler monkey (D:5)
  3 giant frog zombies
  2 crimson imps
  An orc priest (D:6)
  3 hounds
  A jelly (D:5)
  2 centaur skeletons
  Crazy Yiuf (D:2)
  An iguana (D:6)
  A gnoll shaman (D:4)
  3 orc wizards
  5 worker ants
  3 big kobold zombies (Ossuary)
  A hound zombie (D:5)
  2 mummies (Ossuary)
  9 gnolls
  11 adders
  2 river rats (D:8)
  A shadow imp (D:6)
  An ooze (D:2)
  3 adder zombies (Ossuary)
  An adder skeleton (D:4)
  5 worms
  A dart slug (D:2)
  6 giant geckos
  9 orcs
  15 bats
  5 giant cockroaches
  4 gnoll zombies (Ossuary)
  6 hobgoblins
  20 jackals
  5 kobolds
  5 quokkas
  2 giant gecko skeletons
  3 giant newts
  9 goblins
  6 hobgoblin zombies (Ossuary)
  2 kobold zombies (Ossuary)
  4 orc zombies (Ossuary)
  A quokka skeleton (D:4)
  15 rats
208 creatures vanquished.

Notes
Turn   | Place    | Note
-------+----------+-------------------------------------------
     0 | D:1      | Andriotis the Minotaur Fighter began the quest for the Orb.
     0 | D:1      | Reached XP level 1. HP: 19/19 MP: 0/0
   143 | D:1      | Reached XP level 2. HP: 27/27 MP: 1/1
   315 | D:1      | Reached skill level 3 in Axes
   734 | D:2      | Reached XP level 3. HP: 22/33 MP: 2/2
   876 | D:2      | Reached skill level 1 in Dodging
  1043 | D:2      | Reached XP level 4. HP: 40/40 MP: 4/4
  1103 | D:2      | Found a runed door.
  1107 | D:2      | Noticed Crazy Yiuf
  1111 | D:2      | Killed Crazy Yiuf
  1111 | D:2      | Reached skill level 1 in Spellcasting
  1505 | D:3      | Reached XP level 5. HP: 46/46 MP: 5/5
  1506 | D:3      | Found a glowing silver altar of Zin.
  1562 | D:3      | Reached skill level 4 in Axes
  1624 | D:3      | Noticed Sigmund
  1637 | D:3      | Killed Sigmund
  1637 | D:3      | Reached XP level 6. HP: 49/53 MP: 5/7
  1737 | D:3      | Found a white marble altar of Elyvilon.
  2138 | D:4      | Found Umilof's Weapon Shoppe.
  2170 | D:4      | Reached skill level 5 in Axes
  2319 | D:4      | Found a staircase to the Ecumenical Temple.
  2328 | Temple   | Entered the Ecumenical Temple
  2335 | Temple   | Became a worshipper of Warmaster Okawaru
  2617 | D:4      | Reached skill level 5 in Armour
  2801 | D:4      | Got a shimmering pewter ring
  2802 | D:4      | Identified the ring "Xegiulat" {+Fly rC+ Str-4 Dex+4 Stlth+} (You found it on level 4 of the Dungeon)
  2920 | D:4      | Reached XP level 7. HP: 60/60 MP: 8/8
  3018 | D:4      | Found a basalt altar of Yredelemnul.
  3018 | D:4      | Found a hide-covered altar of Uskayaw.
  3019 | D:4      | Found a shadowy altar of Dithmenos.
  3025 | D:4      | Found a deep blue altar of Sif Muna.
  3189 | D:5      | Entered Level 5 of the Dungeon
  3218 | D:5      | Reached skill level 5 in Shields
  3619 | D:4      | Bought a +2 broad axe of chopping for 216 gold pieces
  3689 | D:5      | Reached skill level 6 in Axes
  3872 | D:5      | Reached skill level 5 in Fighting
  4144 | D:6      | Found a hazy altar of Hepliaklqana.
  4146 | D:6      | Found a shimmering altar of Xom.
  4146 | D:6      | Noticed a yak
  4147 | D:6      | Noticed a spectral ugly thing
  4147 | D:6      | Noticed a yak
  4192 | D:6      | Reached * piety under Okawaru
  4321 | D:6      | Found a sand-covered staircase.
  4331 | Ossuary  | Entered an ossuary
  4355 | Ossuary  | Reached XP level 8. HP: 61/68 MP: 10/10
  4457 | Ossuary  | Reached skill level 7 in Axes
  5080 | D:6      | Noticed Duvessa
  5080 | D:6      | Noticed Dowan
  5090 | D:6      | Killed Duvessa
  5092 | D:6      | Killed Dowan
  5407 | D:6      | Reached ** piety under Okawaru
  5884 | D:7      | Noticed Prince Ribbit
  5891 | D:7      | Killed Prince Ribbit
  5891 | D:7      | Reached skill level 8 in Axes
  5891 | D:7      | Reached XP level 9. HP: 75/75 MP: 12/12
  6261 | D:7      | Found a snail-covered altar of Cheibriados.
  6475 | D:7      | You fall through a shaft!
  6475 | D:8      | Found a radiant altar of Vehumet.
  6677 | D:8      | Found a bloodstained altar of Trog.
  6769 | D:8      | Noticed Erica
  6772 | D:8      | Noticed a queen bee
  6781 | D:8      | HP: 4/117 [something (4)]
  6787 | D:8      | Reached skill level 5 in Dodging
  6787 | D:8      | Reached *** piety under Okawaru
  6790 | D:8      | Killed a queen bee
  6792 | D:8      | HP: 8/175 [poisoned by a killer bee]
  6797 | D:8      | Reached skill level 9 in Axes
  6797 | D:8      | HP: 4/175 [killer bee (1)]
  6798 | D:8      | Slain by a killer bee

Vault maps used:
D:1:      minmay_arrival_diagonal_passages, minmay_split_cup_small
D:2:      first_bread, uniq_crazy_yiuf_cottage
D:3:      marbit_many_paths, old_standard_altar, uniq_sigmund
D:4:      nicolae_overflow_quartered_altars, serial_shops, shop
D:6:      regret_index_temple_of_mockery, nicolae_ossuary_entry_plus,
          dk_vineyard_2, kennysheep_potato, uniq_duvessa
D:7:      lemuel_coloured_pillars_altar, uniq_prince_ribbit1
D:8:      kennysheep_little_box, old_standard_altar, vehumet_crystals,
          grunt_lair_entry_orc_guard_hut, david_nohive_1, uniq_erica
Temple:   compressed_dpeg_triangle_lava_temple
Ossuary:  ossuary_tomb_2

Skill      XL: |  1  2  3  4  5  6  7  8  9 |
---------------+----------------------------+-----
Axes           | 3 4 5 6 8 9 |  9.1
Dodging        | 1 2 3 4 5 |  5.2
Armour         | 4 5 6 7 |  7.4
Fighting       | 4 5 6 |  6.9
Spellcasting   | 1 2 3 |  3.4
Shields        | 4 5 6 7 |  7.1

Action                   |  1- 3 |  4- 6 |  7- 9 || total
-------------------------+-------+-------+-------++-------
Melee: War axe           |    81 |   138 |    52 ||   271
       Headbutt          |    10 |    16 |    52 ||    78
       Broad axe         |       |       |   219 ||   219
  Use: Scroll            |       |     8 |    13 ||    21
       Potion            |       |       |     8 ||     8
  Eat: Chunk             |     1 |     6 |    11 ||    18
       Fruit             |       |       |     2 ||     2
Armor: Scale mail        |    34 |    59 |       ||    93
       Chain mail        |       |     1 |   152 ||   153
       Skin              |       |       |    63 ||    63
Dodge: Dodged            |    38 |    31 |    85 ||   154
Block: Shield            |    47 |    70 |   185 ||   302
